MWL (24 & UNDER)
COLUMBIA 08S @ BARRY'S BAY ORIOLES
08/01/2027
 
TOP OF THE 1ST
Columbia 08s batting - Pitching for Barry's Bay Orioles : LHP Miguel Muñíz
Pitching: LHP Miguel Muñíz
Batting: RHB Ben Barker 0-0: Called Strike
0-1: Ball
1-1: Ball
2-1: Single, Error in OF, E7, batter to second base
Batting: RHB Pedro López 0-0: Ball
1-0: Called Strike
1-1: Ball
2-1: Called Strike
2-2: Foul Ball, location: 2F
2-2: Ball
3-2: Foul Ball, location: 2F
3-2: Strikes out looking
Batting: RHB Carlos López 0-0: Ball
1-0: Ball
2-0: Ball
3-0: Swinging Strike
3-1: Ground out 6-3 (Groundball, 56)
Batting: RHB Jaime Hernández 0-0: Foul Ball, location: 2F
0-1: Ball
1-1: SINGLE (Flyball, 8RS)
Ben Barker to third
Runner from 3rd tries for Home, SAFE, no throw
Batting: RHB Chris Burrell 0-0: Ball
1-0: DOUBLE (Line Drive, 89M)
Jaime Hernández to third
Batting: RHB Carlos Luna 0-0: Ball
1-0: Ball
2-0: Ball
3-0: Base on Balls
Batting: RHB Nicoli Turina 0-0: Foul Ball, location: 2F
0-1: Ball
1-1: Swinging Strike
1-2: Foul Ball, location: 2F
1-2: Strikes out swinging
Top of the 1st over - 1 run(s), 3 hit(s), 1 error(s), 3 left on base; Columbia 1 - Barry's Bay 0
BOTTOM OF THE 1ST
Barry's Bay Orioles batting - Pitching for Columbia 08s : LHP León Hernández
Pitching: LHP León Hernández
Batting: LHB Will Elliott 0-0: Ground out 3-1 (Groundball, 34S)
Batting: SHB Terry Christian 0-0: Ball
1-0: Called Strike
1-1: Ground out 6-3 (Groundball, 6)
Batting: RHB Tomás Díaz 0-0: Foul Ball, location: 2F
0-1: Foul Ball, location: 2F
0-2: Fly out, F9 (Line Drive, 9)
Bottom of the 1st over - 0 run(s), 0 hit(s), 0 error(s), 0 left on base; Columbia 1 - Barry's Bay 0
TOP OF THE 2ND
Columbia 08s batting - Pitching for Barry's Bay Orioles : LHP Miguel Muñíz
Batting: RHB Carlos Estrada 0-0: SINGLE (Line Drive, 8LS)
Batting: RHB Henry Fox 0-0: Ball
1-0: SINGLE (Line Drive, 89S)
Carlos Estrada to second
Batting: RHB Ben Barker 0-0: Ball
1-0: Ball
2-0: Called Strike
2-1: Ball
3-1: Swinging Strike
3-2: Foul Ball, location: 2F
3-2: Foul Ball, location: 2F
3-2: Grounds into double play, 6-4-3 (Groundball, 6)
Carlos Estrada to third
Batting: RHB Pedro López 0-0: Ball
1-0: Fly out, F4 (Popup, 4M)
Top of the 2nd over - 0 run(s), 2 hit(s), 0 error(s), 1 left on base; Columbia 1 - Barry's Bay 0
BOTTOM OF THE 2ND
Barry's Bay Orioles batting - Pitching for Columbia 08s : LHP León Hernández
Batting: RHB Guy Morrison 0-0: Ball
1-0: Swinging Strike
1-1: Foul Ball, location: 2F
1-2: Strikes out swinging
Batting: RHB Bill Pike 0-0: Called Strike
0-1: Foul Ball, location: 2F
0-2: Strikes out swinging
Batting: RHB Jake Erickson 0-0: Ball
1-0: Foul Ball, location: 2F
1-1: Foul Ball, location: 2F
1-2: Ball
2-2: Strikes out swinging
Bottom of the 2nd over - 0 run(s), 0 hit(s), 0 error(s), 0 left on base; Columbia 1 - Barry's Bay 0
TOP OF THE 3RD
Columbia 08s batting - Pitching for Barry's Bay Orioles : LHP Miguel Muñíz
Batting: RHB Carlos López 0-0: Ball
1-0: Called Strike
1-1: Foul Ball, location: 2F
1-2: Ball
2-2: Foul Ball, location: 2F
2-2: Ground out 4-3 (Groundball, 4M)
Batting: RHB Jaime Hernández 0-0: Called Strike
0-1: Ball
1-1: Called Strike
1-2: DOUBLE (Flyball, 7D)
Batting: RHB Chris Burrell 0-0: Called Strike
0-1: Ball
1-1: Ground out 6-3 (Groundball, 6)
Batting: RHB Carlos Luna 0-0: Ball
1-0: Foul Ball, location: 2F
1-1: Ball
2-1: Foul Ball, location: 2F
2-2: Strikes out looking
Top of the 3rd over - 0 run(s), 1 hit(s), 0 error(s), 1 left on base; Columbia 1 - Barry's Bay 0
BOTTOM OF THE 3RD
Barry's Bay Orioles batting - Pitching for Columbia 08s : LHP León Hernández
Batting: LHB Ignacio Rabelo 0-0: Ball
1-0: Foul Ball, location: 2F
1-1: Ball
2-1: Foul Ball, location: 2F
2-2: Ground out 3-1 (Groundball, 34)
Batting: RHB Octávio Aldeguer 0-0: Ball
1-0: Swinging Strike
1-1: Foul Ball, location: 2F
1-2: Ball
2-2: Foul Ball, location: 2F
2-2: Strikes out swinging
Batting: LHB José Guzmán 0-0: Called Strike
0-1: Ball
1-1: Foul Ball, location: 2F
1-2: Strikes out swinging
Bottom of the 3rd over - 0 run(s), 0 hit(s), 0 error(s), 0 left on base; Columbia 1 - Barry's Bay 0
TOP OF THE 4TH
Columbia 08s batting - Pitching for Barry's Bay Orioles : LHP Miguel Muñíz
Batting: RHB Nicoli Turina 0-0: Called Strike
0-1: SINGLE (Flyball, 8LS)
Batting: RHB Carlos Estrada 0-0: Ball
1-0: Ball
2-0: Called Strike
2-1: Foul Ball, location: 2F
2-2: Fly out, F8 (Flyball, 8RXD)
Batting: RHB Henry Fox 0-0: Foul Ball, location: 2F
0-1: Ball
1-1: Swinging Strike
1-2: Ball
2-2: Strikes out swinging
Batting: RHB Ben Barker 0-0: Ball
1-0: Foul Ball, location: 2F
1-1: Called Strike
1-2: Ball
2-2: Fly out, F9 (Flyball, 9LS)
Top of the 4th over - 0 run(s), 1 hit(s), 0 error(s), 1 left on base; Columbia 1 - Barry's Bay 0
BOTTOM OF THE 4TH
Barry's Bay Orioles batting - Pitching for Columbia 08s : LHP León Hernández
Batting: LHB Will Elliott 0-0: Ball
1-0: Foul Ball, location: 2F
1-1: Fly out, F7 (Flyball, 7)
Batting: SHB Terry Christian 0-0: Called Strike
0-1: Swinging Strike
0-2: Strikes out swinging
Batting: RHB Tomás Díaz 0-0: Foul Ball, location: 2F
0-1: Ball
1-1: Fly out, F6 (Popup, 6M)
Bottom of the 4th over - 0 run(s), 0 hit(s), 0 error(s), 0 left on base; Columbia 1 - Barry's Bay 0
TOP OF THE 5TH
Columbia 08s batting - Pitching for Barry's Bay Orioles : LHP Miguel Muñíz
Batting: RHB Pedro López 0-0: Called Strike
0-1: Ball
1-1: DOUBLE (Line Drive, 9LS)
Pitching: RHP Rosendo Alonso
Batting: RHB Carlos López 0-0: Intentional Walk
Batting: RHB Jaime Hernández 0-0: Ball
1-0: Ball
2-0: DOUBLE (Line Drive, 7D)
Pedro López scores
Carlos López to third
Batting: RHB Chris Burrell 0-0: Intentional Walk
Batting: RHB Carlos Luna 0-0: SINGLE (Line Drive, 89S)
Carlos López scores
Jaime Hernández to third
Chris Burrell to second
Runner from 3rd tries for Home, SAFE, no throw
Batting: RHB Nicoli Turina 0-0: Ball
1-0: Ball
Wild Pitch!
Chris Burrell to third
Carlos Luna to second
2-0: Intentional Walk
Batting: RHB Carlos Estrada 0-0: Called Strike
0-1: Ball
1-1: Ball
2-1: Ball
3-1: Foul Ball, location: 2F
3-2: Strikes out swinging
Batting: RHB Henry Fox 0-0: Fielders Choice at 2nd, 5-4 (Groundball, 5)
Chris Burrell scores
Carlos Luna to third
Pitching: RHP Dan Mitchell
Batting: RHB Ben Barker 0-0: Called Strike
0-1: Ball
1-1: Reached via error on a dropped throw, E4
Carlos Luna scores
Henry Fox to second
Batting: RHB Pedro López 0-0: Ball
1-0: Foul Ball, location: 2F
1-1: Ball
2-1: Called Strike
2-2: Foul Ball, location: 2F
2-2: Foul Ball, location: 2F
2-2: Ball
3-2: SINGLE (Groundball, 34S) (infield hit)
Henry Fox to third
Ben Barker to second
Batting: RHB Carlos López 0-0: Ball
1-0: Ball
2-0: Swinging Strike
2-1: Ball
3-1: Foul Ball, location: 2F
3-2: Base on Balls
Henry Fox scores
Ben Barker to third
Pedro López to second
Batting: RHB Jaime Hernández 0-0: Ball
1-0: Swinging Strike
1-1: Fielders Choice at 2nd, 5-4 (Groundball, 56)
Top of the 5th over - 6 run(s), 4 hit(s), 1 error(s), 2 left on base; Columbia 7 - Barry's Bay 0
BOTTOM OF THE 5TH
Barry's Bay Orioles batting - Pitching for Columbia 08s : LHP León Hernández
Batting: RHB Guy Morrison 0-0: Ball
1-0: DOUBLE (Line Drive, 7LS)
Batting: RHB Bill Pike 0-0: Called Strike
0-1: Ball
1-1: Swinging Strike
1-2: Strikes out swinging
Batting: RHB Jake Erickson 0-0: Ground out 6-3 (Groundball, 6)
Batting: LHB Ignacio Rabelo 0-0: Ground out 3-1 (Groundball, 34)
Bottom of the 5th over - 0 run(s), 1 hit(s), 0 error(s), 1 left on base; Columbia 7 - Barry's Bay 0
TOP OF THE 6TH
Columbia 08s batting - Pitching for Barry's Bay Orioles : RHP Dan Mitchell
Batting: RHB Chris Burrell 0-0: DOUBLE (Line Drive, 7LM)
Batting: RHB Carlos Luna 0-0: Foul Ball, location: 2F
0-1: Ball
1-1: Ground out 5-3 (Groundball, 56S)
Chris Burrell to third
Batting: RHB Nicoli Turina 0-0: Ground out 6-3 (Groundball, 6)
Chris Burrell scores
Batting: RHB Carlos Estrada 0-0: Called Strike
0-1: Called Strike
0-2: Foul Ball, location: 2F
0-2: Ball
1-2: Foul Ball, location: 2F
1-2: Fly out, F7 (Line Drive, 7)
Top of the 6th over - 1 run(s), 1 hit(s), 0 error(s), 0 left on base; Columbia 8 - Barry's Bay 0
BOTTOM OF THE 6TH
Barry's Bay Orioles batting - Pitching for Columbia 08s : LHP León Hernández
Batting: RHB Octávio Aldeguer 0-0: Ball
1-0: Ball
2-0: Called Strike
2-1: Fly out, F8 (Line Drive, 8RD)
Batting: LHB José Guzmán 0-0: Ball
1-0: Foul Ball, location: 2F
1-1: Called Strike
1-2: Strikes out looking
Batting: LHB Will Elliott 0-0: Ground out 4-3 (Groundball, 4)
Bottom of the 6th over - 0 run(s), 0 hit(s), 0 error(s), 0 left on base; Columbia 8 - Barry's Bay 0
TOP OF THE 7TH
Columbia 08s batting - Pitching for Barry's Bay Orioles : RHP Dan Mitchell
Batting: RHB Henry Fox 0-0: Ball
1-0: Swinging Strike
1-1: Foul Ball, location: 2F
1-2: Ball
2-2: Strikes out swinging
Batting: RHB Ben Barker 0-0: Ball
1-0: Called Strike
1-1: Ball
2-1: Foul Ball, location: 2F
2-2: Foul Ball, location: 2F
2-2: Strikes out swinging
Batting: RHB Pedro López 0-0: DOUBLE (Line Drive, 89M)
Batting: RHB Carlos López 0-0: Hit by Pitch
Batting: RHB Jaime Hernández 0-0: Foul Ball, location: 2F
0-1: Called Strike
0-2: Foul Ball, location: 2F
0-2: Strikes out looking
Top of the 7th over - 0 run(s), 1 hit(s), 0 error(s), 2 left on base; Columbia 8 - Barry's Bay 0
BOTTOM OF THE 7TH
Barry's Bay Orioles batting - Pitching for Columbia 08s : LHP León Hernández
Batting: SHB Terry Christian 0-0: Ball
1-0: Called Strike
1-1: Foul Ball, location: 2F
1-2: Strikes out looking
Batting: RHB Tomás Díaz 0-0: Called Strike
0-1: SINGLE (Groundball, 56) (infield hit)
Batting: RHB Guy Morrison 0-0: Ball
1-0: Ball
2-0: Foul Ball, location: 2F
2-1: Ball
3-1: Grounds into double play, 5-4-3 (Groundball, 5)
Bottom of the 7th over - 0 run(s), 1 hit(s), 0 error(s), 0 left on base; Columbia 8 - Barry's Bay 0
TOP OF THE 8TH
Columbia 08s batting - Pitching for Barry's Bay Orioles : RHP Dan Mitchell
Batting: RHB Chris Burrell 0-0: Ball
1-0: Ball
2-0: Ball
3-0: Base on Balls
Batting: RHB Carlos Luna 0-0: Called Strike
0-1: Ground out 6-3 (Groundball, 6S)
Chris Burrell to second
Batting: RHB Nicoli Turina 0-0: Ball
1-0: Ground out 3-1 (Groundball, 34)
Chris Burrell to third
Batting: RHB Carlos Estrada 0-0: Swinging Strike
0-1: Ball
1-1: Called Strike
1-2: Strikes out swinging
Top of the 8th over - 0 run(s), 0 hit(s), 0 error(s), 1 left on base; Columbia 8 - Barry's Bay 0
BOTTOM OF THE 8TH
Barry's Bay Orioles batting - Pitching for Columbia 08s : LHP León Hernández
Batting: RHB Bill Pike 0-0: Foul Ball, location: 2F
0-1: Fly out, F8 (Line Drive, 8RM)
Batting: RHB Jake Erickson 0-0: Ball
1-0: Ball
2-0: Fly out, F9 (Flyball, 9LMF)
Batting: LHB Ignacio Rabelo 0-0: Fly out, F6 (Popup, 4MD)
Bottom of the 8th over - 0 run(s), 0 hit(s), 0 error(s), 0 left on base; Columbia 8 - Barry's Bay 0
TOP OF THE 9TH
Columbia 08s batting - Pitching for Barry's Bay Orioles : RHP Dan Mitchell
Batting: RHB Henry Fox 0-0: Foul Ball, location: 2F
0-1: Ball
1-1: Ball
2-1: Ball
3-1: Fly out, F9 (Flyball, 9S)
Batting: RHB Ben Barker 0-0: Swinging Strike
0-1: Ball
1-1: Fly out, F7 (Flyball, 7LS)
Batting: RHB Pedro López 0-0: Called Strike
0-1: SINGLE (Line Drive, 6MD)
Batting: RHB Carlos López 0-0: Ball
1-0: Ball
2-0: Ball
3-0: Called Strike
3-1: Foul Ball, location: 2F
3-2: SINGLE (Groundball, 6MD)
Pedro López to second
Pedro López to third
Pinch Hitting: SHB Jorge Rodríguez 0-0: Called Strike
0-1: SINGLE (Groundball, 6MD)
Pedro López scores
Carlos López to second
Batting: RHB Chris Burrell 0-0: Fielders Choice at 2nd, 6-4 (Groundball, 6)
Top of the 9th over - 1 run(s), 3 hit(s), 0 error(s), 1 left on base; Columbia 9 - Barry's Bay 0
BOTTOM OF THE 9TH
Barry's Bay Orioles batting - Pitching for Columbia 08s : RHP Jorge Amador
Pitching: RHP Jorge Amador
Now at 2B: Ernesto Villa
Now in LF: Claudio Palácios
Batting: RHB Octávio Aldeguer 0-0: Foul Ball, location: 2F
0-1: Foul Ball, location: 2F
0-2: Fly out, F6 (Popup, 6)
Batting: LHB José Guzmán 0-0: Ball
1-0: Ball
2-0: DOUBLE (Line Drive, 8RD)
Batting: LHB Will Elliott 0-0: Ball
1-0: Ball
2-0: Ball
3-0: Called Strike
3-1: Foul Ball, location: 2F
3-2: Base on Balls
Batting: SHB Terry Christian 0-0: Called Strike
0-1: Swinging Strike
0-2: Ball
1-2: Strikes out swinging
Batting: RHB Tomás Díaz 0-0: Swinging Strike
0-1: Ball
1-1: Foul Ball, location: 2F
1-2: Fielders Choice at 2nd, 6-4 (Groundball, 6)
Bottom of the 9th over - 0 run(s), 1 hit(s), 0 error(s), 1 left on base; Columbia 9 - Barry's Bay 0
Thursday, March 30th, 2017 - OOTP Baseball 17.12 Build 75